 Dungeon Sprint DCSS version 0.29-a0-643-ga013cefcf8 (webtiles) character file.

Game seed: 12478166599123176724

900000 greenreed the Severer (level 11, -45/71 HPs)
             Began as a Djinni Necromancer on June 19, 2022.
             Annihilated by a meat berserker
             ... wielding a +9 battleaxe
              (51 damage)
             ... in the Dungeon (Sprint VIII: "Arena of Blood").
             The game lasted 00:00:24 (9 turns).

greenreed the Severer (Djinni Necromancer)             Turns: 9, Time: 00:00:25

Health: -45/71     AC:  2    Str: 11    XL:     11   Next: 25%
Gold:   0          EV: 17    Int: 17    God:
                   SH:  0    Dex: 14

rFire   + + .      SeeInvis .   g - +∞ Axe of Woe
rCold   x . .      Faith    .   (shield currently unavailable)
rNeg    . . .      Spirit   .   a - +0 robe
rPois   ∞          Reflect  .   (no helmet)
rElec   .          Harm     .   (no cloak)
rCorr   .          Rampage  .   (no gloves)
Will    +....      NoTele   +   (boots unavailable)
Stlth   ++++......              (no amulet)
HPRegen 0.21/turn               (no ring)
MPRegen 0.00/turn               (no ring)

@: flying
A: sickness immunity, fire resistance 2, cold vulnerability 1, float, innate
caster, HP casting, extra vitality 1
a: no special abilities


You were in the Dungeon.
You visited 1 branch

Inventory:

Hand Weapons
 g - the +∞ Axe of Woe (weapon)
   (You found it in the Dungeon)
Armour
 a - a +0 robe (worn)
Scrolls
 f - a scroll of blinking
Potions
 b - a potion of curing
 c - a potion of heal wounds
 d - a potion of haste
 e - a potion of berserk rage


   Skills:
 + Level 3.4 Fighting
 * Level 18.4 Axes
 + Level 10.7 Dodging
 + Level 8.7 Stealth
 - Level 3.2 Spellcasting


You couldn't memorise any spells.
You knew the following spells:

 Your Spells              Type           Power      Damage    Failure   Level
a - Necrotize             Necr           52%        1d6       4%          1
b - Vampiric Draining     Necr           13%        2d6       13%         3
c - Animate Dead          Necr           13%        N/A       41%         4
d - Agony                 Necr           13%        N/A       77%         5
e - Apportation           Tloc           26%        N/A       4%          1
f - Wereblood             Tmut           13%        N/A       7%          2
g - Ignite Poison         Fire/Tmut/Pois 13%        N/A       13%         3
h - Passage of Golubria   Tloc           13%        N/A       41%         4
i - Silence               Hex/Air        6%         N/A       77%         5
Your spell library was empty.

Dungeon Overview and Level Annotations

Branches:
Dungeon (1/1)

Altars:
Makhleb


Innate Abilities, Weirdness & Mutations

You are immune to sickness and miasma.
You are immune to poison.
Your flesh is very heat resistant. (rF++)
You are vulnerable to cold. (rC-)
You float through the air rather than walking.
You learn spells naturally, not from books.
Your magical power is your life essence.
You have superior vitality. (+4 MHP)


Message History

Spell assigned to 'e'.
You have reached level 4!
You feel agile.
You have reached level 5!
The power to cast Wereblood wells up from within.
Spell assigned to 'f'.
You have reached level 6!
You have reached level 7!
The power to cast Ignite Poison wells up from within.
Spell assigned to 'g'.
You have reached level 8!
You feel clever.
You have reached level 9!
Your experience leads to an increase in your attributes!
Increase (S)trength, (I)ntelligence, or (D)exterity?
You feel stronger. x2
The power to cast Passage of Golubria wells up from within.
Spell assigned to 'h'.
You have reached level 10!
You have reached level 11!
The power to cast Silence wells up from within.
Spell assigned to 'i'.
Unknown command.
Press < or > to pray at altars.
Unknown command.
Press < or > to pray at altars.
You hit the meat berserker but do no damage.
You dissect the meat berserker like a pig carcass.
You kill the meat berserker!
You slash the bag of meat!
You slaughter the bag of meat joyfully.
You kill the bag of meat!
You hear a shout! x5
A bag of meat comes into view. It is wielding a +9 war axe.
The meat berserker hits you with a +9 battleaxe!!!
Ouch! That really hurt!
* * * LOW HITPOINT WARNING * * *
You hear a shout! x2
The meat berserker hits you with a +9 battleaxe!!!
Ouch! That really hurt!
You die...

.. .. .. .. #.
.# #.. ..#
.###.. ..###.
......###......
......O@O......
....#.....#...o
. #_.o._# .
#.....#
....._.o...
......###......
.###.. ..###.
#.. ..# #.. ..#


You could see 2 meat berserkers and 3 bags of meat.

Vanquished Creatures
  An ogre (D)
  2 orcs (D)
3 creatures vanquished.

Notes
Turn   | Place    | Note
-------+----------+-------------------------------------------
     0 | D        | Found the +∞ Axe of Woe
     0 | D        | greenreed the Djinni Necromancer began the quest for the
                  | Orb.
     0 | D        | greenreed set off with the following spells memorised:
                  | Necrotize, Vampiric Draining, Animate Dead, Agony.
     0 | D        | Reached XP level 1. HP: 15/15 MP: 0/0
     2 | D        | Noticed a bag of meat
     3 | D        | Noticed a bag of meat
     3 | D        | Noticed a bag of meat
     4 | D        | Noticed a bag of meat
     7 | D        | Noticed a meat berserker
     7 | D        | Noticed a meat berserker
     8 | D        | Killed a bag of meat
     8 | D        | Noticed a meat berserker
     9 | D        | Reached skill level 18 in Axes
     9 | D        | Reached skill level 10 in Dodging
     9 | D        | Reached XP level 2. HP: 25/25 MP: 0/0
     9 | D        | Reached XP level 3. HP: 30/30 MP: 0/0
     9 | D        | Learned a level 1 spell: Apportation
     9 | D        | Reached XP level 4. HP: 35/35 MP: 0/0
     9 | D        | Reached XP level 5. HP: 40/40 MP: 0/0
     9 | D        | Learned a level 2 spell: Wereblood
     9 | D        | Reached XP level 6. HP: 46/46 MP: 0/0
     9 | D        | Reached XP level 7. HP: 50/50 MP: 0/0
     9 | D        | Learned a level 3 spell: Ignite Poison
     9 | D        | Reached XP level 8. HP: 56/56 MP: 0/0
     9 | D        | Reached XP level 9. HP: 61/61 MP: 0/0
     9 | D        | Learned a level 4 spell: Passage of Golubria
     9 | D        | Reached XP level 10. HP: 67/67 MP: 0/0
     9 | D        | Reached XP level 11. HP: 71/71 MP: 0/0
     9 | D        | Learned a level 5 spell: Silence
     9 | D        | Killed a meat berserker
     9 | D        | Killed a bag of meat
     9 | D        | Noticed a bag of meat
     9 | D        | Annihilated by a meat berserker

Illustrated notes

Levels and vault maps discovered:
D:        meatsprint

Skill      XL: |  1 |
---------------+----+-----
Fighting       | 3 |  3.4
Axes           | 18 | 18.4
Dodging        | 10 | 10.7
Stealth        | 8 |  8.7
Spellcasting   | |  3.2

Action                   |  1- 3 |  4- 6 |  7- 9 | 10-12 || total
-------------------------+-------+-------+-------+-------++-------
Melee: Executioner's axe |     1 |       |       |     1 ||     2

Table legend: (Time is in decaauts)
 A = Elapsed time spent in this place.
 B = Non-inter-level travel time spent in this place.
 C = Inter-level travel time spent in this place.
 D = Time resting spent in this place.
 E = Time spent auto-exploring this place.
 F = Levels seen in this place.
 G = Mean time per level.
                   A        B        C        D        E       F      G
               +--------+--------+--------+--------+--------+-----+--------+
         Total |      9 |      9 |      0 |      0 |      0 |   1 |    9.0 |
       Dungeon |      9 |      9 |      0 |      0 |      0 |   1 |    9.0 |
               +--------+--------+--------+--------+--------+-----+--------+

Top non-repeatable levels by time:
       D: 9 daAuts
